 Dungeon Crawl Stone Soup version 0.30.0-5-g1a98f26d00 (webtiles) character file.

Game seed: 16139610594876953241

262 Leibowitz the Poker (level 6, 0/47 HPs)
             Began as a Merfolk Gladiator on May 12, 2023.
             Slain by Robin
             ... wielding a +3 trident of venom
              (1 damage)
             ... on level 4 of the Dungeon.
             The game lasted 00:06:43 (2471 turns).

Leibowitz the Poker (Merfolk Gladiator)             Turns: 2471, Time: 00:06:44

Health: 0/47       AC:  6    Str: 14    XL:     6   Next: 18%
Magic:  6/6        EV: 14    Int:  8    God:
Gold:   188        SH:  0    Dex: 17    Spells: 5/5 levels left

rFire   . . .        a - +0 trident
rCold   . . .        (no shield)
rNeg    . . .        b - +0 leather armour
rPois   .            c - +0 helmet
rElec   .            i - +0 cloak
rCorr   .            r - +0 pair of gloves
SInv    .            (no boots)
Will    .....        (no amulet)
Stlth   +            (no ring)
HPRegen 0.27/turn    (no ring)
MPRegen 0.10/turn

%: no passive effects
@: lethally poisoned (0 -> -22), hasted, very quick
A: (nimble swimmer 2), mertail
a: no special abilities


You were on level 4 of the Dungeon.
You visited 1 branch of the dungeon, and saw 4 of its levels.

You collected 188 gold pieces.

Inventory:

Hand Weapons
 a - a +0 trident (weapon)
Missiles
 d - 3 throwing nets (quivered)
 e - a javelin
Armour
 b - a +0 leather armour (worn)
 c - a +0 helmet (worn)
 i - a +0 cloak (worn)
 r - a +0 pair of gloves (worn)
Scrolls
 f - 2 scrolls of enchant armour {unknown}
 g - 3 scrolls of enchant weapon {unknown}
 n - a scroll of fog {unknown}
 o - 3 scrolls of teleportation {unknown}
 q - a scroll of vulnerability {unknown}
 u - a scroll of identify {unknown}
 v - a scroll of blinking {unknown}
 w - a scroll of noise {unknown}
Potions
 h - a potion of haste
 j - a potion of invisibility {unknown}
 k - a potion of heal wounds {unknown}
 l - a potion of magic {unknown}
 m - a potion of curing {unknown}
 p - a potion of degeneration {unknown}
 s - 2 potions of flight {unknown}
 t - a potion of berserk rage {unknown}


   Skills:
 * Level 3.3 Fighting
 * Level 6.5 Polearms
 - Level 2.0 Throwing
 * Level 1.7 Armour
 * Level 5.3 Dodging


You had 5 spell levels left.
You didn't know any spells.
Your spell library contained the following spells:

 Spells                   Type           Power      Damage    Failure   Level
 Portal Projectile        Hex/Tloc       0%         N/A       85%         3
 Tukima's Dance           Hex            0%         N/A       85%         3
 Summon Lightning Spire   Summ/Air       0%         N/A       99%         4
 Blade Hands              Tmut           0%         N/A       100%        5
 Storm Form               Tmut/Air       0%         N/A       100%        7
 Maxwell's Capacitive Co  Air            0%         ∞         100%        8


Dungeon Overview and Level Annotations

Branches:
Dungeon (4/15)
 Temple: D:4-7

Altars:
Yredelemnul

Shops:
D:3 =[

Annotations:
D:4 Robin


Innate Abilities, Weirdness & Mutations

((You are very nimble when in or above water. (Stealth+, EV+, Speed+++)))
Your lower body shifts to a powerful aquatic tail in water.


Message History

Things that are here:
a +0 robe; a +0 dagger; an orc corpse
Things that are here:
a +0 ring mail; a +0 dagger You see here a +0 hand axe.
You open the door.
Robin is nearby!
Robin misses you.
Robin's bangles clink loudly.
Robin barely misses you.
You hit Robin.
Robin is moderately wounded.
Robin hits you but does no damage.
You are poisoned.
You hit Robin.
Robin is heavily wounded.
You feel sick.
Robin hits you with a +3 trident of venom!
You are more poisoned.
You hit Robin but do no damage.
Robin is heavily wounded.
You feel very sick.
Robin hits you with a +3 trident of venom!
You are lethally poisoned!
You hit Robin.
Robin is severely wounded.
* * * LOW HITPOINT WARNING * * *
You feel extremely sick. Robin barely misses you.
You completely miss Robin.
Robin is severely wounded.
* * * LOW HITPOINT WARNING * * *
You feel very sick. Robin hits you but does no damage.
You are more poisoned.
It was a potion of haste.
You feel yourself speed up.
* * * LOW HITPOINT WARNING * * *
You feel extremely sick.
Robin hits you with a +3 trident of venom.
You die...

#.......#
#.....[.#
#....[).#
#.....<.####+##
#....)..'......
#.......#......
#.......# ...##
#.......# +##
#.....@.#
#.....g.#
#.......#
#.......#
#.......#
#.......#
#.......#
#.......#


You could see Robin.

Vanquished Creatures
  A scorpion (D:3)
  2 orc wizards
  5 gnolls (D:2)
  3 adders
  A worm (D:2)
  2 dart slugs
  2 orcs (D:4)
  7 ball pythons
  5 endoplasms
  2 giant cockroaches
  10 goblins
  8 hobgoblins
  5 bats (D:1)
  4 frilled lizards
  6 kobolds
  3 rats
66 creatures vanquished.

Vanquished Creatures (others)
  An orc priest (D:3)
1 creature vanquished.

Grand Total: 67 creatures vanquished

Notes
Turn   | Place    | Note
-------+----------+-------------------------------------------
     0 | D:1      | Leibowitz the Merfolk Gladiator began the quest for the
                  | Orb.
     0 | D:1      | Reached XP level 1. HP: 16/16 MP: 1/1
   114 | D:1      | Reached XP level 2. HP: 22/22 MP: 2/2
   544 | D:1      | Reached XP level 3. HP: 28/28 MP: 3/3
  1020 | D:2      | Reached skill level 5 in Polearms
  1153 | D:2      | Reached XP level 4. HP: 16/34 MP: 4/4
  1279 | D:2      | Reached skill level 1 in Armour
  1514 | D:3      | Found a faded altar of an unknown god.
  1519 | D:3      | Found Soskaenoa's Armour Shop.
  1667 | D:3      | Reached XP level 5. HP: 40/40 MP: 5/5
  1751 | D:3      | Reached skill level 6 in Polearms
  1751 | D:3      | Reached skill level 5 in Dodging
  1849 | D:3      | Found a basalt altar of Yredelemnul.
  1917 | D:3      | Found Zant's Jewellery Shop.
  2289 | D:4      | Reached XP level 6. HP: 45/47 MP: 6/6
  2322 | D:4      | Noticed Robin
  2471 | D:4      | HP: 1/47 [poisoned by Robin]
  2471 | D:4      | Slain by Robin

Illustrated notes

Levels and vault maps discovered:
D:1:      matt_arrival_los_fun, layout_loops_ring, hangedman_feature_mirror
D:2:      minmay_evil_eye, layout_basic
D:3:      layout_basic, mainiacjoe_overflow_catwalk,
          ebering_ecumenical_altar_mist, serial_shops,
          nicolae_shop_hallway_stairs, shop, kennysheep_generic_room_9
D:4:      layout_gridville, minmay_starry_boxes, uniq_menkaure, uniq_robin

Skill      XL: |  1  2  3  4  5 |
---------------+----------------+-----
Polearms       | 5 6 |  6.5
Armour         | 1 |  1.7
Fighting       | 3 |  3.3
Dodging        | 5 |  5.3
Throwing       | |  2.0

Action                     |  1- 3 |  4- 6 || total
---------------------------+-------+-------++-------
  Melee: Trident           |    93 |   142 ||   235
         Punch             |     1 |     1 ||     2
         Tailslap          |       |     2 ||     2
    Use: Potion            |       |     1 ||     1
   Stab: Sleeping          |     2 |     1 ||     3
 Armour: Leather armour    |    32 |    49 ||    81
  Dodge: Dodged            |    72 |   121 ||   193
